 Dungeon Crawl Stone Soup version 0.31-a0-700-gf13585253f (webtiles) character file.

Game seed: 9913917861617470598

2947 LeprechaunX the Changeling (level 9, -4/61 HPs)
             Began as an Octopode Shapeshifter on Sept 7, 2023.
             Slain by a yak (11 damage)
             ... on level 6 of the Dungeon.
             The game lasted 00:10:03 (5115 turns).

LeprechaunX the Changeling (Octopode Shapeshifter)  Turns: 5115, Time: 00:10:03

Health: -4/61      AC:  1    Str: 18    XL:     9   Next: 80%
Magic:  9/9        EV: 15    Int: 12    God:
Gold:   226        SH:  0    Dex: 14    Spells: 8/8 levels left

rFire   . . .        m - +6 battleaxe "Omybrat" {vamp, Dex+3}
rCold   . . .        (shield currently unavailable)
rNeg    . . .        (helmet currently unavailable)
rPois   .            s - amulet of the acrobat
rElec   .            (no ring)
rCorr   .            (no ring)
SInv    .            (no ring)
Will    .....        (no ring)
Stlth   ++           (no ring)
HPRegen 0.30/turn    (no ring)
MPRegen 0.11/turn    (no ring)
                     (no ring)

%: acrobat
@: beast-form
A: beast (slay +4), almost no armour, amphibious, 8 rings, camouflage 1,
gelatinous body 1, (nimble swimmer 1), tentacles
a: Begin Untransformation


You were on level 6 of the Dungeon.
You were a hulking beast.
You visited 2 branches of the dungeon, and saw 7 of its levels.

You collected 226 gold pieces.

Inventory:

Hand Weapons
 m - the +6 battleaxe "Omybrat" (weapon) {vamp, Dex+3}
   (You found it on level 2 of the Dungeon)

   Dex+3:     It affects your dexterity (+3).
Missiles
 d - 2 javelins (quivered)
Armour
 e - a +0 buckler
Jewellery
 l - a +6 ring of intelligence
 r - a ring of ice
 s - an amulet of the acrobat (around mantle)
Talismans
 b - a beast talisman (active)
 c - a flux talisman
 h - a talisman of death
Wands
 a - a wand of flame (19)
 q - a wand of charming (5)
 A - a wand of polymorph (8)
Scrolls
 f - a scroll of blinking {unknown}
 g - 9 scrolls of identify {unknown}
 i - a scroll of torment {unknown}
 w - a scroll of fog {unknown}
 y - a scroll of fear {unknown}
Potions
 j - a potion of resistance {unknown}
 k - 2 potions of attraction {unknown}
 n - 2 potions of lignification
 o - a potion of invisibility {unknown}
 p - a potion of haste {unknown}
 t - a potion of enlightenment {unknown}
 u - 2 potions of cancellation {unknown}
 v - 2 potions of magic {unknown}
 x - a potion of might {unknown}
 z - a potion of curing {unknown}


   Skills:
 + Level 5.4 Fighting
 + Level 4.5 Axes
 + Level 5.6 Dodging
 - Level 2.0 Shields
 + Level 6.1 Unarmed Combat
 * Level 7.7 Shapeshifting


You had 8 spell levels left.
You didn't know any spells.
Your spell library contained the following spells:

 Spells                   Type           Power      Damage    Failure   Level
 Freeze                   Ice            0%         1d3       32%         1
 Slow                     Hex            0%         N/A       32%         1
 Sting                    Tmut/Pois      0%         1d3       32%         1
 Summon Small Mammal      Summ           0%         N/A       32%         1
 Lesser Beckoning         Tloc           0%         N/A       45%         2
 Poisonous Vapours        Pois/Air       0%         N/A       45%         2
 Call Canine Familiar     Summ           0%         N/A       69%         3
 Confusing Touch          Hex            0%         N/A       69%         3
 Frozen Ramparts          Ice            0%         1d1       69%         3
 Gell's Gravitas          Tloc           0%         N/A       69%         3
 Hailstorm                Conj/Ice       0%         3d3       69%         3
 Sigil of Binding         Hex            0%         N/A       69%         3
 Summon Guardian Golem    Hex/Summ       0%         N/A       69%         3
 Teleport Other           Tloc           0%         N/A       69%         3
 Vampiric Draining        Necr           0%         2d6       69%         3
 Anguish                  Hex/Necr       0%         N/A       97%         4
 Cause Fear               Hex            0%         N/A       97%         4
 Olgreb's Toxic Radiance  Pois           0%         N/A       97%         4
 Summon Ice Beast         Ice/Summ       0%         N/A       97%         4
 Simulacrum               Ice/Necr       0%         N/A       100%        6
 Enfeeble                 Hex            0%         N/A       100%        7


Dungeon Overview and Level Annotations

Branches:
Dungeon (6/15)             Temple (1/1) D:5

Altars:
Cheibriados
Dithmenos
Elyvilon
Fedhas
Gozag
Kikubaaqudgha
Makhleb
Nemelex Xobeh
Okawaru
Qazlal
Ru
Trog
Uskayaw
Wu Jian
Xom
Yredelemnul
Zin
The Shining One

Shops:
D:1 [   D:2 =


Innate Abilities, Weirdness & Mutations

You are a hulking beast.
Your limbs bulge with bestial killing power. (Slay +4)
You cannot wear most types of armour.
You are amphibious.
You can wear up to eight rings at the same time.
Your skin changes colour to match your surroundings (Stealth+).
Your rubbery body absorbs attacks. (AC +1, EV +1)
((You are camouflaged when in or above water. (Stealth+)))
You have tentacles for arms and can constrict up to eight enemies at once.


Message History

You barely miss the yak. The yak gores you!
You closely miss the yak. You squeeze the yak, but do no damage.
The yak misses you. The yak gores you but does no damage.
You barely miss the yak. The yak closely misses you.
You hit the yak.
You feel better.
Your squeeze misses the yak.
The yak is lightly wounded.
The yak gores you. The yak gores you!
You closely miss the yak. You squeeze the yak!
The yak is moderately wounded.
The yak gores you!
You are too injured to fight recklessly!
You are too injured to fight recklessly!
You are too injured to fight recklessly!
You hit the yak.
You feel better.
Your tentacle-slap misses the yak.
The yak is moderately wounded.
The yak barely misses you. The yak gores you!
* * * LOW HITPOINT WARNING * * *
Unknown command.
You slice the yak!!
You feel better.
The yak is almost dead.
The yak closely misses you.
You hit the yak but do no damage.
Your tentacle-slap misses the yak.
You squeeze the yak.
You kill the yak!
You slash the yak! You squeeze the yak!
The yak is almost dead.
The yak misses you. The yak gores you.
You slash the yak!
You kill the yak!
You completely miss the yak. The yak closely misses you. The yak misses you.
You slash the yak! Your squeeze misses the yak.
The yak is lightly wounded.
The yak gores you!
* * * LOW HITPOINT WARNING * * *
You slash the yak!
You feel better.
Your squeeze misses the yak.
The yak is heavily wounded.
The yak gores you!
* * * LOW HITPOINT WARNING * * *
The yak gores you!
You die...

.. ##....# ...
##....#
...#####.Y..#
.....#...Y.#
..........##
##...Y.## ###
##..Y## ##.#
#..Y## ##.##
##...#######h##
##...#.....Y#.#
##.....[..######
##.......###
###.......##
#.........#
......#...#
.........##
#.........#


You could see a yak.

Vanquished Creatures
  Grinder (D:5)
  Sigmund (D:2)
  8 yaks
  An ogre (D:6)
  2 centaurs
  A phantom (D:4)
  3 scorpions
  5 orc priests
  2 jellies (D:5)
  A gnoll bouda (D:4)
  5 hounds
  A sleepcap (D:4)
  6 orc wizards
  4 iguanas
  Robin (D:2)
  8 gnolls (D:4)
  7 adders
  A white imp (D:6)
  2 worms
  A dart slug (D:4)
  25 orcs
  4 bats
  10 endoplasms
  A giant cockroach (D:4)
  16 goblins
  6 hobgoblins
  2 kobolds (D:1)
  5 quokkas
  9 ball pythons
  2 frilled lizards (D:1)
  8 rats
149 creatures vanquished.

Notes
Turn   | Place    | Note
-------+----------+-------------------------------------------
     0 | D:1      | LeprechaunX the Octopode Shapeshifter began the quest for
                  | the Orb.
     0 | D:1      | Reached XP level 1. HP: 13/13 MP: 1/1
   173 | D:1      | Reached XP level 2. HP: 18/18 MP: 2/2
   398 | D:1      | Found Sutadadei's Antique Armour Shop.
   485 | D:1      | Reached XP level 3. HP: 16/23 MP: 3/3
   730 | D:2      | Found a basalt altar of Yredelemnul.
   992 | D:2      | Reached XP level 4. HP: 26/29 MP: 4/4
  1022 | D:2      | Found Wycriq's Jewellery Shoppe.
  1030 | D:2      | Noticed Robin
  1041 | D:2      | Reached skill level 1 in Shields
  1048 | D:2      | Killed Robin
  1131 | D:2      | Noticed Sigmund
  1174 | D:2      | Killed Sigmund
  1175 | D:2      | Reached skill level 4 in Shapeshifting
  1175 | D:2      | Reached XP level 5. HP: 23/35 MP: 5/5
  1175 | D:2      | Reached XP level 6. HP: 27/41 MP: 6/6
  1358 | D:2      | Identified the +6 battleaxe "Omybrat" {vamp, Dex+3}
  1651 | D:3      | Found a hide-covered altar of Uskayaw.
  1651 | D:3      | Found an ancient bone altar of Kikubaaqudgha.
  2455 | D:4      | Reached skill level 1 in Axes
  2455 | D:4      | Reached XP level 7. HP: 16/45 MP: 7/7
  2459 | D:4      | Reached skill level 5 in Shapeshifting
  2689 | D:4      | HP: 2/46 [gnoll/+0 halberd[a gnoll bouda] (10)]
  3283 | D:4      | You fall into a shaft and drop 2 floors!
  3344 | D:5      | Entered Level 5 of the Dungeon
  3366 | D:5      | Reached XP level 8. HP: 47/52 MP: 8/8
  3452 | D:5      | Found a bloodstained altar of Trog.
  3800 | D:5      | Found a staircase to the Ecumenical Temple.
  3809 | Temple   | Entered the Ecumenical Temple
  3929 | D:5      | Found a basalt altar of Yredelemnul.
  3937 | D:5      | Reached skill level 6 in Shapeshifting
  4250 | D:5      | Reached skill level 5 in Unarmed Combat
  4254 | D:5      | Noticed Grinder
  4260 | D:5      | Killed Grinder
  4368 | D:5      | Noticed a yak
  4370 | D:5      | Noticed a yak
  4374 | D:5      | Killed a yak
  4374 | D:5      | Noticed a yak
  4375 | D:5      | Reached XP level 9. HP: 38/59 MP: 9/9
  4379 | D:5      | Reached skill level 5 in Dodging
  4379 | D:5      | Reached skill level 7 in Shapeshifting
  4727 | D:6      | Found an iron altar of Okawaru.
  4904 | D:6      | Reached skill level 5 in Fighting
  5115 | D:6      | Slain by a yak

Illustrated notes

Levels and vault maps discovered:
D:1:      ncdulo_wetmaze, layout_rooms, serial_shops, shop, item_on_display_a
D:2:      layout_basic, serial_shops, shop, basic_altar,
          chequers_serial_rivers_micro_e, uniq_robin, uniq_sigmund
D:3:      layout_basic, chequers_temple_overflow_statue_of_worship
D:4:      layout_basic
D:5:      layout_loops_ring, trog_three_pillars_becter, lemuel_crystal_altar,
          lemuel_temple_firewalk_a, serial_rivers,
          chequers_serial_rivers_room_b, chequers_serial_rivers_small_a,
          chequers_serial_rivers_room_a, chequers_serial_rivers_small_b,
          kennysheep_nondescript, minmay_door_square, uniq_grinder
D:6:      layout_layer_cave, okawaru_metal_pillars_1_2, uniq_duvessa,
          uniq_jeremiah, uniq_pikel
Temple:   compressed_dpeg_triangle_lava_temple

Skill      XL: |  1  2  3  4  5  6  7  8  9 |
---------------+----------------------------+-----
Shields        | 1 2 |  2.0
Fighting       | 2 3 4 5 |  5.4
Dodging        | 3 4 5 |  5.6
Shapeshifting  | 4 5 6 7 |  7.7
Unarmed Combat | 4 5 6 |  6.1
Axes           | 1 2 3 4 |  4.5

Action                     |  1- 3 |  4- 6 |  7- 9 || total
---------------------------+-------+-------+-------++-------
  Melee: Unarmed           |    74 |    42 |       ||   116
         Constrict         |    21 |    16 |    20 ||    57
         Tentacles         |    12 |    10 |    22 ||    44
         Punch             |     3 |     3 |     2 ||     8
         Battleaxe         |       |    42 |   122 ||   164
    Use: Potion            |       |     1 |       ||     1
   Stab: Sleeping          |     5 |     4 |     2 ||    11
 Armour: Skin              |    37 |    46 |    84 ||   167
  Dodge: Dodged            |    47 |    38 |   126 ||   211
  Block: Buckler           |     9 |     5 |       ||    14

Table legend: (Time is in decaauts)
 A = Elapsed time spent in this place.
 B = Non-inter-level travel time spent in this place.
 C = Inter-level travel time spent in this place.
 D = Time resting spent in this place.
 E = Time spent auto-exploring this place.
 F = Levels seen in this place.
 G = Mean time per level.
                   A        B        C        D        E       F      G
               +--------+--------+--------+--------+--------+-----+--------+
         Total |   5207 |   5079 |    128 |    507 |   3524 |   7 |  743.9 |
       Dungeon |   5173 |   5045 |    128 |    507 |   3524 |   6 |  862.2 |
        Temple |     33 |     33 |      0 |      0 |      0 |   1 |   33.0 |
               +--------+--------+--------+--------+--------+-----+--------+

Top non-repeatable levels by time:
     D:4: 1245 daAuts
     D:5: 1124 daAuts
     D:2: 861 daAuts
     D:3: 826 daAuts
     D:1: 640 daAuts
     D:6: 475 daAuts
  Temple: 33 daAuts
